AoeStats
← PanPixu

MegaRandom

504435545Analyzed
1v1 RM · 26d ago on Sep 5, 2026· 40m 38s· 2 players
Game mode
Random Map
Map size
Tiny (2 player)
Population
200
Speed
Normal
Resources
Standard
Victory
Conquest
Starting age
Dark Age
Ending age
Imperial Age
RankedLock teamsTeams togetherTeam positionsShared explorationLock speedFull tech treeHidden civsTurbo modeCheats
Victory
Defeat
🇨🇳 Magyars · China
921
+16
🇨🇿 Armenians · Czechia
916
-16
PanPixu
0:50 Loom
12:43 Feudal Age
13:16 Double-Bit Axe
13:24 Gold Mining
13:27 Stone Mining
15:05 Horse Collar
16:03 Pikeman
18:17 Scale Mail Armor
21:53 Castle Age
20:31 Arson
22:16 Forging
22:41 Squires
22:43 Gambesons
23:37 Iron Casting
24:18 Bow Saw
26:28 Heavy Plow
28:23 Man-at-Arms
28:35 Halberdier
29:21 Long Swordsman
30:55 Chain Mail Armor
31:29 Two-Handed Swordsman
33:34 Champion
36:17 Redemption
41:24 Imperial Age
39:35 Fervor
39:57 Sanctity
39:58 Elite Skirmisher
勇闯天涯
3:35 Loom
10:11 Feudal Age
15:51 Castle Age
17:45 Double-Bit Axe
17:46 Horse Collar
22:00 Bow Saw
22:39 Stone Mining
24:56 Wheelbarrow
26:48 Heavy Plow
31:05 Imperial Age
28:51 Hand Cart
28:35 Town Watch
28:51 Gold Mining
30:00 Corvinian Army
31:17 Fletching
31:33 Scale Barding Armor
31:51 Padded Archer Armor
32:18 Conscription
33:10 Parthian Tactics
34:05 Gold Shaft Mining
34:23 Thumb Ring
35:37 Recurve Bow
35:02 Heavy Cavalry Archer
36:38 Bodkin Arrow
37:41 Ballistics
38:22 Chemistry
37:26 Bracer
37:42 Leather Archer Armor
39:36 Ring Archer Armor
39:27 Chain Barding Armor
Connection lost

Rejoining the realm…

Still unreachable

The connection could not be restored.

Session expired

The server has moved on; the page needs a fresh start.